 Dungeon Crawl Stone Soup version 0.30-b1-2-g02819fbbbe (webtiles) character file.

Game seed: 5882332374004788893

207 nightchill the Shooter (level 5, -2/25 (28) HPs)
             Began as a Spriggan Hunter on Sept 16, 2023.
             Slain by Duvessa
             ... wielding a +2 short sword of draining
              (14 damage)
             ... on level 3 of the Dungeon.
             The game lasted 00:05:01 (2410 turns).

nightchill the Shooter (Spriggan Hunter)            Turns: 2410, Time: 00:05:01

HP:   -2/25 (28)    AC:  2    Str:  7    XL:     5   Next: 54%
MP:   6/6           EV: 18    Int: 11    God:
Gold: 182           SH:  0    Dex: 20    Spells: 4/4 levels left

rFire   . . .        a - +0 shortbow
rCold   . . .        (shield currently unavailable)
rNeg    . . .        c - +0 robe
rPois   .            (helmet restricted)
rElec   .            k - scarf {repulsion}
rCorr   .            (gloves unavailable)
SInv    +            (boots unavailable)
Will    .....        h - amulet of magic regeneration
Stlth   ++           (no ring)
HPRegen 0.24/turn    (no ring)
MPRegen 0.50/turn

%: repel missiles
@: heavily drained, very quick
A: very small, no large weapons, unfitting armour, see invisible, speed 3
a: no special abilities


You were on level 3 of the Dungeon.
You visited 1 branch of the dungeon, and saw 4 of its levels.

You collected 182 gold pieces.

Inventory:

Hand Weapons
 a - a +0 shortbow (weapon)
 b - a +5 dagger of electrocution
 l - a +1 dagger of venom
 q - a +1 whip of electrocution
Armour
 c - a +0 robe (worn)
 k - a scarf of repulsion (worn)
 p - a +0 cloak
Jewellery
 h - an amulet of magic regeneration (around neck)
Scrolls
 j - a scroll of fear {unknown}
 m - a scroll of identify {unknown}
 s - a scroll of immolation
Potions
 d - 2 potions of flight {unknown}
 e - a potion of attraction {unknown}
 f - 4 potions of haste {unknown}
 g - a potion of brilliance {unknown}
 i - 4 potions of heal wounds {unknown}
 n - a potion of mutation {unknown}
 o - 2 potions of resistance {unknown}
 r - 2 potions of berserk rage {unknown}


   Skills:
 + Level 3.0 Fighting
 * Level 6.1 Ranged Weapons
 - Level 2.6 Dodging
 - Level 1.5 Stealth


You had 4 spell levels left.
You didn't know any spells.
Your spell library was empty.

Dungeon Overview and Level Annotations

Branches:
Dungeon (4/15)
 Temple: D:4-7

Altars:

Annotations:
D:3 Duvessa


Innate Abilities, Weirdness & Mutations

You are very small and have problems with some larger weapons.
You are too small for most types of armour.
You have supernaturally acute eyesight. (SInv)
You cover ground extremely quickly. (Speed+++)


Message History

You shoot an arrow. The arrow hits Duvessa!
Duvessa is moderately wounded.
You shoot an arrow. The arrow hits Duvessa.
Duvessa is moderately wounded.
Duvessa hits you with a +2 short sword of draining!
You feel drained.
Duvessa rages.
You hear a shout!
You hear a shout!
There is an open door here.
Duvessa rages.
There is an open door here.
Things that are here:
a +0 club; a goblin corpse Duvessa rages.
You see here a +0 robe.
Duvessa rages.
There is an open door here.
Duvessa rages.
There is a stone staircase leading up here.
Duvessa hits you with a +2 short sword of draining!
* * * LOW HITPOINT WARNING * * *
You feel drained.
* * * LOW HITPOINT WARNING * * *
You climb upwards.
There is a stone staircase leading down here.
You see here a +0 quarterstaff.
Duvessa rages.
Duvessa rages.
There is a stone staircase leading up here.
You are too injured to fight recklessly!
Fire: a) +0 shortbow
Press: ? - help, Q - select action Shift-Dir - straight line, f - Duvessa
Aim: Duvessa, wielding a +2 short sword of draining and wearing a +0 leather armour (moderately wounded, berserk, 69% to hit)
You shoot an arrow.
The arrow hits Duvessa but does no damage.
Duvessa is moderately wounded.
Duvessa hits you with a +2 short sword of draining!
Ouch! That really hurt!
You die...

#..........##.#.## #.# #...
##.......#.##..#####.###...
##...........###.........P
##...###.#### #.##.##....
##)##.....# #.##.##.#..
#.##.....# #.##.##.##.
####.##.....# #.##.##.###
#†.......e..# #.#...#.#
#.##.##..@..# #...#...#
#.##.##.##### ###...###
####....##.# #.###
#.......##.# #.#
#.##.#...#.# #.#
#.##.......##########.#
#.##..................#
#.###.....#############
#.####...##


You could see Duvessa (berserk).

Vanquished Creatures
  Dowan (D:4)
  Crazy Yiuf (D:3)
  An orc wizard (D:3)
  A gnoll (D:1)
  An adder (D:2)
  3 worms
  A dart slug (D:1)
  5 orcs (D:3)
  4 endoplasms
  3 giant cockroaches
  5 goblins
  7 hobgoblins
  4 jackals (D:2)
  2 quokkas
  9 ball pythons
  8 bats
  5 frilled lizards
  6 kobolds
  7 rats
74 creatures vanquished.

Notes
Turn   | Place    | Note
-------+----------+-------------------------------------------
     0 | D:1      | nightchill the Spriggan Hunter began the quest for the Orb.
     0 | D:1      | Reached XP level 1. HP: 10/10 MP: 2/2
    77 | D:1      | Reached XP level 2. HP: 15/15 MP: 3/3
   267 | D:1      | Reached XP level 3. HP: 18/18 MP: 4/4
   578 | D:2      | Reached skill level 5 in Ranged Weapons
   787 | D:2      | Reached XP level 4. HP: 23/23 MP: 5/5
  1748 | D:3      | Found a runed translucent door.
  1749 | D:3      | Noticed Crazy Yiuf
  2097 | D:3      | Killed Crazy Yiuf
  2098 | D:3      | Reached XP level 5. HP: 27/27 MP: 6/6
  2300 | D:4      | Noticed Duvessa
  2300 | D:4      | Noticed Dowan
  2323 | D:4      | Killed Dowan
  2324 | D:4      | Reached skill level 6 in Ranged Weapons
  2410 | D:3      | Slain by Duvessa

Illustrated notes

Levels and vault maps discovered:
D:1:      scummos_arrival_simple_crosswalls, layout_basic
D:2:      layout_basic
D:3:      layout_loops_cross, minmay_misc_feat_plants, uniq_crazy_yiuf_cottage
D:4:      nicolae_cairo_tiling_very_big, layout_basic, serial_shops,
          nicolae_shop_gaudy_bauble, shop, shop, shop,
          nicolae_inconvenience_store, serial_curves, eino_curves_03,
          eino_curves_01, grunt_ministairs_7, kennysheep_nondescript,
          uniq_duvessa

Skill      XL: |  1  2  3  4  5 |
---------------+----------------+-----
Fighting       | 2 3 |  3.0
Ranged Weapons | 5 6 |  6.1
Dodging        | |  2.6
Stealth        | |  1.5

Action                     |  1- 3 |  4- 6 || total
---------------------------+-------+-------++-------
   Fire: Shortbow          |   112 |   100 ||   212
 Armour: Robe              |     7 |     1 ||     8
  Dodge: Dodged            |    57 |    24 ||    81
